 Dungeon Crawl Stone Soup version 0.30-b1-2-g02819fbbbe (webtiles) character file.

Game seed: 2579947149811536854

4615 Ramwell the Cleaver (level 10, 0/88 HPs)
             Began as a Minotaur Berserker on Aug 24, 2023.
             Was an Elder of Trog.
             Killed by an exploding vampire (16 damage)
             ... ignited by their inner flame
             ... on level 10 of the Dungeon on Aug 25, 2023.
             The game lasted 01:01:27 (10659 turns).

Ramwell the Cleaver (Minotaur Berserker)           Turns: 10659, Time: 01:01:27

Health: 0/88       AC: 21    Str: 27    XL:     10   Next: 19%
Magic:  9/9        EV:  9    Int:  4    God:    Trog [****..]
Gold:   337        SH:  0    Dex:  9    Spells: 9/9 levels left

rFire   . . .        T - +0 battleaxe
rCold   . . .        (shield currently unavailable)
rNeg    + . .        I - +0 plate armour
rPois   +            e - +2 hat "Mywusaer" {rElec rPois}
rElec   +            y - +0 cloak
rCorr   .            E - +0 pair of gloves
SInv    .            a - +2 pair of boots
Will    .....        (no amulet) Stlth
                     n - ring of positive energy
HPRegen 0.34/turn    w - ring of flight
MPRegen 0.11/turn

%: no passive effects
@: flying
A: horns 2, retaliatory headbutt
a: Renounce Religion, Berserk, Trog's Hand, Brothers in Arms


You were on level 10 of the Dungeon.
You worshipped Trog.
Trog was greatly pleased with you.
You visited 2 branches of the dungeon, and saw 12 of its levels.
You also visited: Sewer.

You collected 591 gold pieces.
You spent 254 gold pieces at shops.

Inventory:

Hand Weapons
 G - a +1 war axe
 H - the +6 war axe "Globulus" {flame, *Rage rPois rF+++ Dex+2}
   (You found it on level 6 of the Dungeon)

   Dex:       It affects your dexterity (+2).
   rF:        It renders you almost immune to fire.
   rPois:     It protects you from poison.
   *Rage:     It berserks you when you make melee attacks (+20% chance).
 L - a +2 hand axe of holy wrath
 M - a +0 war axe
 O - a +4 flail
 T - a +0 battleaxe (weapon)
 U - a +4 war axe of freezing
Missiles
 m - 13 poisoned darts
 z - 31 stones (quivered)
 N - 7 curare-tipped darts
Armour
 a - a +2 pair of boots (worn)
 e - the +2 hat "Mywusaer" (worn) {rElec rPois}
   (You acquired it on level 5 of the Dungeon)

   rElec:     It insulates you from electricity.
   rPois:     It protects you from poison.
 y - a +0 cloak (worn)
 E - a +0 pair of gloves (worn)
 I - a +0 plate armour (worn)
Jewellery
 n - a ring of positive energy (left hand)
 r - an amulet of magic regeneration
 w - a ring of flight (right hand)
Wands
 u - a wand of paralysis (13)
 K - a wand of mindburst (15)
Scrolls
 c - 5 scrolls of teleportation
 d - 2 scrolls of magic mapping
 h - 2 scrolls of acquirement
 i - 3 scrolls of fog
 j - a scroll of summoning
 k - 4 scrolls of enchant weapon
 o - 2 scrolls of noise {unknown}
 A - 2 scrolls of fear {unknown}
 Q - 3 scrolls of identify
 R - a scroll of blinking {unknown}
 S - a scroll of amnesia {unknown}
Potions
 b - a potion of attraction
 f - 2 potions of curing
 g - 3 potions of magic
 l - 2 potions of brilliance
 p - 2 potions of invisibility
 q - 3 potions of haste
 s - 3 potions of resistance
 t - 2 potions of degeneration {unknown}
 v - 3 potions of mutation
 B - a potion of cancellation {unknown}
 C - 3 potions of ambrosia {unknown}
 D - a potion of experience {unknown}
 F - 2 potions of lignification {unknown}
 J - 2 potions of heal wounds {unknown}
 P - a potion of flight {unknown}


   Skills:
 + Level 7.7 Fighting
 * Level 12.2 Axes
 + Level 7.3 Armour
 + Level 6.4 Dodging
 + Level 4.9 Evocations


You had 9 spell levels left.
You didn't know any spells.
Your spell library contained the following spells:

 Spells                   Type           Power      Damage    Failure   Level
 Freeze                   Ice            0%         1d3       99%         1
 Shock                    Conj/Air       0%         1d3       99%         1
 Ensorcelled Hibernation  Hex/Ice        0%         N/A       100%        2
 Frozen Ramparts          Ice            0%         1d1       100%        3
 Hailstorm                Conj/Ice       0%         3d3       100%        3
 Spider Form              Tmut/Pois      0%         N/A       100%        3
 Swiftness                Air            0%         N/A       100%        3
 Airstrike                Air            0%         2d(0-16)  100%        4
 Anguish                  Hex/Necr       0%         N/A       100%        4


Dungeon Overview and Level Annotations

Branches:
Dungeon (11/15)            Temple (1/1) D:5           Sewer (visited)
   Lair: D:8-11         Orc: D:9-12

Altars:
Ashenzari
Cheibriados
Dithmenos
Elyvilon
Fedhas
Gozag
Hepliaklqana
Kikubaaqudgha
Makhleb
Nemelex Xobeh
Okawaru
Qazlal
Ru
Sif Muna
Trog
Uskayaw
Vehumet
Wu Jian
Xom
Yredelemnul
Zin
The Shining One

Shops:
D:8 *

Annotations:
D:3 1 runed translucent door, Killmatronix's ghost, amateur AtHs
D:8 3 runed translucent doors, Clive's ghost, novice MiFi; Discosetron's ghost, novice DjVM; diceflayer's ghost, novice MiFi


Innate Abilities, Weirdness & Mutations

You have a pair of horns on your head.
You reflexively headbutt those who attack you in melee.


Message History

Something bites you but does no damage.
You fly downwards.
Reactivating autopickup.
Found a war axe.
There is a stone staircase leading up here.
Deactivating autopickup; reactivate with Ctrl-A.
You hit something. Something hits you but does no damage.
Something bites you but does no damage.
You miss something. Something hits you.
* * * LOW HITPOINT WARNING * * *
Something bites you but does no damage.
You feel better. Something hits you.
* * * LOW HITPOINT WARNING * * *
Something bites you but does no damage.
Read: scroll of immolation
Press: ? - help, Q - select action, (/) - cycle Dir - look around, f - activate
As you read the scroll of immolation, it crumbles to dust.
The creatures around you are filled with an inner flame!
Something hits you but does no damage. Something bites you!
* * * LOW HITPOINT WARNING * * *
Something draws strength from your injuries!
Something completely misses you. Something bites you but does no damage.
You fly upwards.
Reactivating autopickup.
There is a stone staircase leading down, spattered with blood here.
Deactivating autopickup; reactivate with Ctrl-A.
You hit something but do no damage. Something hits you but does no damage.
Something bites you but does no damage.
You closely miss something. Something hits you but does no damage.
Something bites you but does no damage.
You barely miss something. Your headbutt misses something.
Something hits you but does no damage. Something bites you but does no damage.
You slice something!! Trog accepts your kill.
Trog appreciates your killing of a magic user.
Reactivating autopickup.
You feel a bit more experienced.
The vampire explodes!
The fiery explosion engulfs you!
You die...

##......#................#
#........##+##.###########
#........# .....
#.####'#.# ###.### # #.#.#
#.# ####.#.#####.#
+....#.##.##.#
####.#.§§§##.#.##
+......@?§.......
)#######§§.##.#.##
..................
#.#######..#..#####
#........#...#...
######....#...###
#..#...#.# #....#...#
..........


There were no monsters in sight!

Vanquished Creatures
  A troll (D:9)
  A vampire (D:10)
  Sigmund (D:5)
  3 yaks
  2 steam dragons
  Menkaure (D:4)
  A water moccasin (D:6)
  Pargi (Sewer)
  4 orc warriors
  2 ice beasts
  3 ogres
  2 centaurs
  A phantom (D:6)
  2 kobold brigands
  2 bullfrogs
  2 gnoll sergeants
  3 scorpions
  6 wights
  6 killer bees (D:9)
  4 howler monkeys
  A hound (D:6)
  2 quasits (D:8)
  2 jellies (D:7)
  4 orc priests
  A gnoll bouda (D:9)
  A sleepcap (D:7)
  7 orc wizards
  3 iguanas
  11 gnolls
  6 adders
  3 shadow imps
  2 white imps
  3 ufetubi
  A worm (D:2)
  2 dart slugs
  24 orcs
  6 ball pythons
  3 endoplasms
  6 giant cockroaches
  10 goblins
  2 hobgoblins
  16 kobolds
  4 quokkas
  9 bats
  3 frilled lizards
  12 rats
192 creatures vanquished.

Vanquished Creatures (others)
  3 demonic plants (D:8)
3 creatures vanquished.

Grand Total: 195 creatures vanquished

Notes
Turn   | Place    | Note
-------+----------+-------------------------------------------
     0 | D:1      | Ramwell the Minotaur Berserker began the quest for the Orb.
     0 | D:1      | Reached XP level 1. HP: 19/19 MP: 0/0
   213 | D:1      | Found a faded altar of an unknown god.
   354 | D:1      | Reached XP level 2. HP: 27/27 MP: 1/1
   504 | D:1      | Reached skill level 4 in Axes
   960 | D:2      | Reached XP level 3. HP: 33/33 MP: 2/2
  1123 | D:2      | Reached skill level 5 in Axes
  1897 | D:3      | Reached XP level 4. HP: 31/40 MP: 3/3
  1979 | D:3      | Reached ** piety under Trog
  2209 | D:3      | Found a runed translucent door.
  2209 | D:3      | Noticed a bullfrog
  2219 | D:3      | Noticed Killmatronix's ghost (amateur AtHs)
  2693 | D:4      | Found a hide-covered altar of Uskayaw.
  2723 | D:4      | Reached skill level 6 in Axes
  2825 | D:4      | Found a glowing drain.
  2845 | Sewer    | Entered a sewer
  2978 | Sewer    | Noticed Pargi
  2984 | Sewer    | Killed Pargi
  2985 | Sewer    | Reached skill level 7 in Axes
  2985 | Sewer    | Reached XP level 5. HP: 46/46 MP: 4/4
  3133 | D:4      | Found an ancient bone altar of Kikubaaqudgha.
  3408 | D:4      | Found a broken altar of Ashenzari.
  3590 | D:4      | Reached XP level 6. HP: 50/52 MP: 5/5
  3751 | D:4      | Noticed Menkaure
  3816 | D:4      | Killed Menkaure
  3817 | D:4      | Reached skill level 8 in Axes
  3817 | D:4      | Reached skill level 1 in Evocations
  4181 | D:5      | Entered Level 5 of the Dungeon
  4187 | D:5      | Identified 3 scrolls of acquirement
  4187 | D:5      | Acquired the +2 hat "Mywusaer" {rElec rPois}
  4337 | D:5      | Found a staircase to the Ecumenical Temple.
  4556 | D:5      | Noticed Sigmund
  4578 | D:5      | Killed Sigmund
  4579 | D:5      | Reached XP level 7. HP: 60/60 MP: 6/6
  5354 | Temple   | Entered the Ecumenical Temple
  5736 | D:6      | Reached skill level 5 in Fighting
  5736 | D:6      | Reached skill level 9 in Axes
  5883 | D:6      | Reached XP level 8. HP: 68/68 MP: 7/7
  6303 | D:6      | Found a radiant altar of Vehumet.
  6386 | D:6      | Identified the +6 war axe "Globulus" {flame, *Rage rPois
                  | rF+++ Dex+2}
  6452 | D:6      | Reached skill level 5 in Armour
  6466 | D:6      | You fall into a shaft and drop 1 floor!
  6604 | D:6      | Reached skill level 10 in Axes
  6731 | D:6      | Found a bloodstained altar of Trog.
  7287 | D:6      | Reached skill level 5 in Dodging
  7287 | D:6      | Reached XP level 9. HP: 69/75 MP: 8/8
  7350 | D:7      | Reached *** piety under Trog
  7590 | D:7      | Reached skill level 11 in Axes
  8761 | D:8      | Found Hueffiva's General Store.
  8765 | D:8      | Bought a scroll of magic mapping for 112 gold pieces
  8765 | D:8      | Bought a scroll of identify for 30 gold pieces
  8765 | D:8      | Bought a scroll of enchant weapon for 112 gold pieces
  8838 | D:8      | Found a white marble altar of Elyvilon.
  9113 | D:8      | Reached **** piety under Trog
  9190 | D:8      | Found a runed translucent gate.
  9190 | D:8      | Found a runed translucent gate.
  9190 | D:8      | Found a runed translucent gate.
  9194 | D:8      | Noticed Discosetron's ghost (novice DjVM)
  9194 | D:8      | Noticed diceflayer's ghost (novice MiFi)
  9194 | D:8      | Noticed Clive's ghost (novice MiFi)
  9378 | D:9      | Noticed a troll
  9395 | D:9      | Killed a troll
  9780 | D:9      | Reached XP level 10. HP: 77/85 MP: 9/9
  9928 | D:9      | Found an opulent altar of Gozag.
  9932 | D:9      | Found a sacrificial altar of Ru.
  9932 | D:9      | Found a shimmering blue altar of Sif Muna.
  9933 | D:9      | Found a basalt altar of Yredelemnul.
  9934 | D:9      | Found a glowing silver altar of Zin.
  9936 | D:9      | Found a shimmering altar of Xom.
  9937 | D:9      | Found a stormy altar of Qazlal.
  9998 | D:9      | Reached skill level 12 in Axes
 10376 | D:10     | Entered Level 10 of the Dungeon
 10659 | D:10     | Killed by an exploding vampire... ignited by their inner
                  | flame

Illustrated notes

Levels and vault maps discovered:
D:1:      onia_arrival_mini_spirals, layout_basic,
          chequers_ecumenical_altar_island
D:2:      layout_basic, kennysheep_cluttered_room
D:3:      layout_basic, ebering_ghost_sewer_d, minmay_cupped
D:4:      layout_basic, mainiacjoe_overflow_six_doors_small, ashenzari_altar_1,
          kennysheep_mini_moat, portal_sewer_entry_b, uniq_menkaure
D:5:      layout_cave_pods, minmay_temple_entry_tees, chequers_decorated_corner,
          chequers_serial_rivers_small_3, nrook_loot_triangle, uniq_sigmund
D:6:      layout_cave_pods, fiery_altar_vehumet, trog_butcher_becter
D:7:      layout_basic
D:8:      layout_gridville, elyvilon_altar_3, gammafunk_ghost_cemetery,
          serial_demonic, serial_demonic_f, serial_demonic_a, serial_demonic_b,
          serial_demonic_e, serial_shops, nicolae_shop_behind_doors
D:9:      layout_basic, minitemple
D:10:     layout_basic, hex_tiny
D:11:     layout_rooms, erik_lair_orcish_takeover,
          kennysheep_orc_monster_closet_entryway
Temple:   nicolae_temple_figure_zero

Skill      XL: |  1  2  3  4  5  6  7  8  9 10 |
---------------+-------------------------------+-----
Axes           | 4 5 7 8 9 10 11 12 | 12.2
Fighting       | 4 5 6 7 |  7.7
Armour         | 3 4 5 7 |  7.3
Evocations     | 1 2 3 4 |  4.9
Dodging        | 3 5 6 |  6.4

Action                     |  1- 3 |  4- 6 |  7- 9 | 10-12 || total
---------------------------+-------+-------+-------+-------++-------
  Melee: Hand axe          |    79 |    76 |       |       ||   155
         Headbutt          |     8 |     9 |    28 |    10 ||    55
         War axe           |       |    26 |   188 |     2 ||   216
         Battleaxe         |       |       |       |    72 ||    72
  Throw: Stone             |    12 |    12 |     7 |    11 ||    42
         Dart              |       |     4 |    19 |       ||    23
 Invoke: Berserk           |       |     3 |     1 |       ||     4
         Trog's Hand       |       |     1 |       |     1 ||     2
  Evoke: Wand              |       |     1 |       |       ||     1
    Use: Scroll            |       |    14 |     2 |     1 ||    17
         Potion            |       |       |       |     2 ||     2
 Armour: Leather armour    |    15 |     3 |       |       ||    18
         Scale mail        |       |    45 |     2 |       ||    47
         Plate armour      |       |       |   136 |    79 ||   215
  Dodge: Dodged            |    57 |    36 |    99 |    34 ||   226
